AoeStats
← Azatapower

Runestones

507870487Analyzed
1v1 RM · 12d ago on Sep 20, 2026· 50m 2s· 2 players
Game mode
Random Map
Map size
Tiny (2 player)
Population
200
Speed
Normal
Resources
Standard
Victory
Conquest
Starting age
Dark Age
Ending age
Imperial Age
RankedLock teamsTeams togetherTeam positionsShared explorationLock speedFull tech treeHidden civsTurbo modeCheats
Victory
Defeat
🇧🇷 Lithuanians · Brazil
1334
+18
🇨🇴 Vietnamese · Colombia
1373
-18
SHINNO_AOE
7:46 Loom
9:56 Feudal Age
10:02 Man-at-Arms
10:54 Double-Bit Axe
11:43 Forging
17:04 Fletching
26:42 Castle Age
24:52 Gold Mining
25:42 Bloodlines
26:06 Padded Archer Armor
27:25 Scale Mail Armor
27:20 Bodkin Arrow
26:47 Crossbowman
28:10 Scale Barding Armor
29:02 Ballistics
30:20 Leather Archer Armor
31:18 Wheelbarrow
31:47 Thumb Ring
32:11 Stone Mining
35:51 Bow Saw
41:47 Imperial Age
40:01 Horse Collar
40:33 Pikeman
41:29 Chain Mail Armor
41:52 Arbalester
43:25 Bracer
47:16 Plate Mail Armor
Azatapower
6:20 Loom
8:38 Feudal Age
10:07 Man-at-Arms
11:18 Horse Collar
16:56 Scale Barding Armor
16:54 Scale Mail Armor
18:18 Wheelbarrow
23:15 Castle Age
21:44 Bloodlines
21:43 Scale Barding Armor
21:49 Forging
22:20 Forging
22:35 Double-Bit Axe
24:16 Chain Barding Armor
24:59 Husbandry
25:20 Gold Mining
25:17 Town Watch
25:44 Bow Saw
25:56 Light Cavalry
30:03 Iron Casting
34:14 Fletching
38:50 Elite Skirmisher
42:40 Hand Cart
42:25 Town Patrol
43:29 Bodkin Arrow
43:34 Padded Archer Armor
47:18 Imperial Age
46:37 Stone Mining
46:56 Thumb Ring
48:29 Stone Shaft Mining
48:04 Bracer
48:40 Crossbowman
48:42 Winged Hussar
49:01 Pikeman
49:42 Squires
50:26 Ballistics
51:24 Two-Man Saw
Connection lost

Rejoining the realm…

Still unreachable

The connection could not be restored.

Session expired

The server has moved on; the page needs a fresh start.